 Dungeon Crawl Stone Soup version 0.31-a0-968-g24f9ace8b5 (webtiles) character file.

Game seed: 13746672431525737191

440 CowFu the Changeling (level 6, -2/47 HPs)
             Began as a Draconian Shapeshifter on Oct 27, 2023.
             Slain by an orc priest
             ... wielding a +1 whip of electrocution
              (4 damage)
             ... on level 4 of the Dungeon.
             The game lasted 00:03:21 (2756 turns).

CowFu the Changeling (Draconian Shapeshifter)       Turns: 2756, Time: 00:03:22

Health: -2/47      AC:  6    Str: 18    XL:     6   Next: 70%
Magic:  6/6        EV: 12    Int: 10    God:
Gold:   226        SH:  0    Dex: 11    Spells: 5/5 levels left

rFire   + . .        a - +3 hand axe
rCold   + . .        (no shield)
rNeg    . . .        (body armour unavailable)
rPois   +            (helmet currently unavailable)
rElec   +            (cloak currently unavailable)
rCorr   +            (gloves currently unavailable)
SInv    .            (boots currently unavailable)
Will    .....        d - amulet of the acrobat
Stlth   +            (no ring)
HPRegen 0.27/turn    (no ring)
MPRegen 0.10/turn

%: acrobat
@: beast-form, resistant, very slow
A: beast (slay +3), AC +6, unfitting armour, cold-blooded, mutation resistance 1
a: Begin Untransformation


You were on level 4 of the Dungeon.
You were a hulking beast.
You visited 1 branch of the dungeon, and saw 4 of its levels.

You collected 226 gold pieces.

Inventory:

Hand Weapons
 a - a +3 hand axe (weapon)
Armour
 l - a +0 cloak
Jewellery
 d - an amulet of the acrobat (around neck)
Talismans
 b - a beast talisman
 c - a flux talisman
Scrolls
 e - 6 scrolls of identify {unknown}
 f - a scroll of revelation {unknown}
 g - 2 scrolls of fog {unknown}
 h - a scroll of fear {unknown}
 i - 4 scrolls of enchant weapon {unknown}
 j - a scroll of amnesia {unknown}
 k - 2 scrolls of enchant armour {unknown}
 o - 2 scrolls of teleportation {unknown}
 p - a scroll of vulnerability {unknown}
Potions
 q - a potion of lignification


   Skills:
 - Level 1.1 Fighting
 - Level 2.0 Dodging
 - Level 4.0 Unarmed Combat
 + Level 6.6 Shapeshifting


You had 5 spell levels left.
You didn't know any spells.
Your spell library was empty.

Dungeon Overview and Level Annotations

Branches:
Dungeon (4/15)
 Temple: D:4-7

Altars:
Fedhas


Innate Abilities, Weirdness & Mutations

You are a hulking beast.
Your limbs bulge with bestial killing power. (Slay +3)
Your plain brown scales are hard. (AC +6)
You cannot fit into any form of body armour.
You are cold-blooded and may be slowed by cold attacks.
You are somewhat resistant to further mutation.


Message History

The black bear bites you.
* * * LOW HITPOINT WARNING * * *
The black bear splashes around in the water.
The black bear claws you but does no damage.
The orc priest hits the plant with a +1 whip of electrocution!
You hit the black bear.
The black bear is almost dead.
The black bear barely misses you.
The black bear claws you but does no damage.
The black bear splashes around in the water.
The orc priest hits the plant with a +1 whip of electrocution.
Lightning courses through the plant! The black bear barely misses you.
The black bear splashes around in the water.
The black bear closely misses you.
You feel less invigorated.
You feel less confused.
You hit the black bear.
You kill the black bear!
You barely miss the orc priest.
The orc priest splashes around in the water.
You closely miss the orc priest. The orc priest misses you.
You barely miss the orc priest. The orc priest closely misses you.
The orc priest invokes the aid of Beogh against you.
Beogh smites you!
* * * LOW HITPOINT WARNING * * *
Your unstable footing causes you to fumble your attack.
The orc priest hits you with a +1 whip of electrocution.
* * * LOW HITPOINT WARNING * * *
You hit the orc priest.
The orc priest is lightly wounded.
The orc priest closely misses you.
You hit the orc priest.
The orc priest is moderately wounded.
The orc priest hits you but does no damage.
You barely miss the orc priest.
Your tail-slap misses the orc priest.
You punch the orc priest.
The orc priest is heavily wounded.
The orc priest misses you.
The orc priest hits you with a +1 whip of electrocution.
You die...

.....##..## #..#
....####..##♣♣.♣♣
#...........♣~~~♣
##........#♣♣.~~♣
##........♣ ♣♣.~♣
#.......♣♣♣♣♣♣~♣♣ ♣
#)#.....♣~♣♣.~~~♣♣♣~♣.#
..#####..~~~...~~~~~..#
.#### ##~~~♣~~~.ho♣P~##
....####♣♣♣♣♣♣.♣♣♣♣ ♣#
###....###♣♣♣~~♣
####.##...♣♣~♣♣ ###
#..#.##♣~~P♣ ..#
##...##♣~.♣ ..#
##).#<...# ..#
#..#.#### ..# ##...#


You could see an orc priest.

Vanquished Creatures
  Sigmund (D:4)
  A black bear (D:4)
  A howler monkey (D:4)
  7 adders
  A worm (D:2)
  5 orcs
  9 ball pythons
  5 bats
  8 endoplasms
  A giant cockroach (D:4)
  8 goblins
  6 hobgoblins
  A jackal (D:2)
  4 quokkas
  4 frilled lizards (D:2)
  12 kobolds
  7 rats
81 creatures vanquished.

Notes
Turn   | Place    | Note
-------+----------+-------------------------------------------
     0 | D:1      | CowFu the Draconian Shapeshifter began the quest for the
                  | Orb.
     0 | D:1      | Reached XP level 1. HP: 16/16 MP: 1/1
   224 | D:1      | Reached XP level 2. HP: 23/23 MP: 2/2
   370 | D:1      | Found a faded altar of an unknown god.
   721 | D:2      | Reached skill level 4 in Shapeshifting
   721 | D:2      | Reached XP level 3. HP: 27/28 MP: 3/3
  1410 | D:3      | Reached XP level 4. HP: 35/35 MP: 4/4
  2374 | D:4      | Reached XP level 5. HP: 40/40 MP: 5/5
  2386 | D:4      | Reached skill level 5 in Shapeshifting
  2437 | D:4      | Noticed Sigmund
  2446 | D:4      | Killed Sigmund
  2447 | D:4      | Reached skill level 6 in Shapeshifting
  2447 | D:4      | Reached XP level 6. HP: 42/47 MP: 6/6
  2618 | D:4      | Found a blossoming altar of Fedhas.
  2741 | D:4      | Gained mutation: You are somewhat resistant to further
                  | mutation. [potion of mutation]
  2746 | D:4      | HP: 1/47 [black bear (3)]
  2752 | D:4      | HP: 2/47 [orc priest/divine providence (13)]
  2756 | D:4      | Slain by an orc priest

Illustrated notes

Levels and vault maps discovered:
D:1:      wander_arrival_desolate, layout_loops_ring, basic_ecumenical_altar,
          grunt_decor_fettered
D:2:      minmay_chambers_of_twos, layout_basic, minmay_tetromino_o2
D:3:      layout_loops_ring
D:4:      layout_rooms, kennysheep_little_box, serial_bayou_crossing,
          uniq_sigmund

Skill      XL: |  1  2  3  4  5 |
---------------+----------------+-----
Shapeshifting  | 4 6 |  6.6
Dodging        | 2 |  2.0
Unarmed Combat | 4 |  4.0
Fighting       | |  1.1

Action                     |  1- 3 |  4- 6 || total
---------------------------+-------+-------++-------
  Melee: Unarmed           |   109 |    61 ||   170
         Tailslap          |    11 |    10 ||    21
         Punch             |     3 |     1 ||     4
         Hand axe          |       |    50 ||    50
    Use: Potion            |       |     4 ||     4
   Stab: Sleeping          |     3 |     2 ||     5
 Armour: Skin              |    33 |    77 ||   110
  Dodge: Dodged            |    69 |   101 ||   170

Table legend: (Time is in decaauts)
 A = Elapsed time spent in this place.
 B = Non-inter-level travel time spent in this place.
 C = Inter-level travel time spent in this place.
 D = Time resting spent in this place.
 E = Time spent auto-exploring this place.
 F = Levels seen in this place.
 G = Mean time per level.
                   A        B        C        D        E       F      G
               +--------+--------+--------+--------+--------+-----+--------+
         Total |   2764 |   2705 |     59 |      0 |   2163 |   4 |  691.0 |
       Dungeon |   2764 |   2705 |     59 |      0 |   2163 |   4 |  691.0 |
               +--------+--------+--------+--------+--------+-----+--------+

Top non-repeatable levels by time:
     D:3: 786 daAuts
     D:1: 708 daAuts
     D:2: 680 daAuts
     D:4: 588 daAuts
